 Dungeon Crawl Stone Soup version 0.31-a0-188-g5e087ee2ca (webtiles) character file.

Game seed: 16278304989534314658

1512 qw the Skirmisher (level 8, -15/46 HPs)
             Began as a Deep Elf Hunter on June 23, 2023.
             Killed from afar by Dowan (28 damage)
             ... with a shard of ice
             ... on level 6 of the Dungeon.
             The game lasted 00:01:45 (3876 turns).

qw the Skirmisher (Deep Elf Hunter)                 Turns: 3876, Time: 00:01:45

Health: -15/46     AC:  0    Str: 10    XL:     8   Next: 53%
Magic:  10/10      EV: 23    Int: 15    God:
Gold:   302        SH:  0    Dex: 23    Spells: 7/7 levels left

rFire   . . .        f - melded +5 sling of Dawuts {heavy, Fly Int+3 Dex-4}
rCold   . . .        (shield currently unavailable)
rNeg    . . .        l - melded +3 leather armour {rPois}
rPois   .            b - melded +2 helmet {Int+3}
rElec   .            h - melded +2 cloak
rCorr   .            i - melded +1 pair of gloves
SInv    .            r - melded +0 pair of boots
Will    .....        (no amulet)
Stlth   ++           m - melded ring of protection from cold
HPRegen 0.27/turn    s - melded +5 ring of evasion
MPRegen 0.12/turn

%: no passive effects
@: bat-form, flying, mesmerised, very quick
A: fast, flying, no casting, tiny, subdued magic 1
a: no special abilities


You were on level 6 of the Dungeon.
You were a bat.
You visited 1 branch of the dungeon, and saw 6 of its levels.

You collected 302 gold pieces.


Innate Abilities, Weirdness & Mutations

You are a bat.
You are tiny and dextrous.
You move quickly.
You are flying.
Your equipment is almost entirely melded.
You are incapable of wielding weapons or throwing items.
You cannot cast spells.
Your spells are a little easier to cast, but a little less powerful.


   Skills:
 - Level 3.5 Fighting
 - Level 12.9 Ranged Weapons
 - Level 1.0 Armour
 + Level 4.8 Dodging
 - Level 1.2 Stealth


You had 7 spell levels left.
You didn't know any spells.
Your spell library was empty.

Inventory:

Hand Weapons
 f - the +5 sling of Dawuts (melded) {heavy, Fly Int+3 Dex-4}
   (You found it on level 5 of the Dungeon)

   Int:       It affects your intelligence (+3).
   Dex:       It affects your dexterity (-4).
   Fly:       It grants you flight.
 o - a +0 shortbow of flaming
Armour
 b - a +2 helmet of intelligence (melded)
 g - a +4 ring mail
 h - a +2 cloak (melded)
 i - a +1 pair of gloves (melded)
 j - a +2 scale mail of fire resistance
 l - a +3 leather armour of poison resistance (melded)
 r - a +0 pair of boots (melded)
Jewellery
 m - a ring of protection from cold (melded)
 s - a +5 ring of evasion (melded)
Scrolls
 a - a scroll of identify
 e - 2 scrolls of teleportation
Potions
 c - a potion of curing
 d - a potion of enlightenment
 k - a potion of mutation
 n - a potion of magic {unknown}
 p - a potion of invisibility {unknown}
 q - a potion of attraction {unknown}

Dungeon Overview and Level Annotations

Branches:
Dungeon (6/15)
 Temple: D:4-7

Altars:
Uskayaw
Vehumet
Yredelemnul

Annotations:
D:6 Dowan, Maggie, Sigmund


Message History

Maggie casts a spell.
Maggie draws you further into her thrall.
You shoot a sling bullet. The sling bullet hits Maggie.
Maggie is severely wounded.
Maggie completely misses you.
You shoot a sling bullet. The sling bullet hits Maggie.
Maggie is almost dead.
Maggie closely misses you.
You shoot a sling bullet. The sling bullet closely misses Dowan.
The sling bullet hits Maggie but does no damage.
Maggie is almost dead.
Dowan points at you and mumbles some strange words.
The shard of ice hits you. You partially resist.
A water moccasin comes into view.
Maggie hits you from afar with a +0 heavy glaive!
Dowan hits you but does no damage.
The water moccasin moves out of view.
You shoot a sling bullet. The sling bullet hits Dowan!
Dowan is almost dead.
Dowan zaps a wand.
You turn into a bat.
The +5 sling of Dawuts {heavy, Fly Int+3 Dex-4} melds into your body.
Your +2 cloak melds into your body.
Your +2 helmet of intelligence melds into your body.
Your +1 pair of gloves melds into your body.
Your +0 pair of boots melds into your body.
Your +3 leather armour of poison resistance melds into your body.
Your ring of protection from cold melds into your body.
Your +5 ring of evasion melds into your body.
You float gracefully downwards.
You feel stupid.
You no longer feel resistant to poison.
Dowan casts a spell at you. The shard of ice misses you.
Maggie closely misses you.
You completely miss Dowan.
Dowan is almost dead.
Sigmund closely misses you.
Dowan drinks a potion.
Dowan is healed!
You closely miss Dowan. Dowan gestures at you while chanting.
The shard of ice hits you!!
Ouch! That really hurt!
You die...

.# #........
... #.......
....#......
#..#.....###
#..........#
.#..........###
..............#
.......b......#
.....<.e......#
......@@.......
...............
.##............
##...........
............
..###....##..


You could see Maggie (mesmerising), Sigmund and Dowan (fast).

Vanquished Creatures
  Pikel (D:4)
  Menkaure (D:5)
  Edmund (D:4)
  Duvessa (D:6)
  A phantom (D:6)
  Blork the orc (D:4)
  A bullfrog (D:4)
  A scorpion (D:4)
  A howler monkey (D:5)
  A hound (D:3)
  A jelly (D:5)
  A sleepcap (D:4)
  Jessica (D:2)
  An iguana (D:6)
  Terence (D:2)
  4 orc wizards
  5 adders
  2 worms
  15 orcs
  4 ball pythons
  3 bats
  8 endoplasms
  6 giant cockroaches
  3 goblins
  8 hobgoblins
  4 jackals (D:2)
  3 quokkas
  4 frilled lizards
  2 kobolds
  5 rats
91 creatures vanquished.

Notes
Turn   | Place    | Note
-------+----------+-------------------------------------------
     0 | D:1      | qw the Deep Elf Hunter began the quest for the Orb.
     0 | D:1      | Reached XP level 1. HP: 12/12 MP: 3/3
     0 | D:1      | 0 ||| qw: Version: 0.3-a-9-g12657ce
     0 | D:1      | 0 ||| qw: Game counter: 4118
     0 | D:1      | 0 ||| qw: Always use a shield: true
     0 | D:1      | 0 ||| qw: God list: Okawaru
     0 | D:1      | 0 ||| qw: Allow faded altars: false
     0 | D:1      | 0 ||| qw: Do Orc after D:15 true
     0 | D:1      | 0 ||| qw: Do second Lair branch before Depths: true
     0 | D:1      | 0 ||| qw: Lair rune preference: random
     0 | D:1      | 0 ||| qw: Plans: Normal
     0 | D:1      | 0 ||| PLANNING D:1-11
   102 | D:1      | Reached XP level 2. HP: 16/16 MP: 4/4
   128 | D:1      | Reached skill level 6 in Ranged Weapons
   489 | D:1      | 489 ||| UPGRADING to +4 ring mail.
   499 | D:1      | 499 ||| DROPPING +0 leather armour.
   500 | D:1      | 500 ||| UPGRADING to +2 cloak.
   505 | D:1      | 505 ||| UPGRADING to +0 pair of gloves.
   510 | D:1      | 510 ||| UPGRADING to ring of protection from cold.
   511 | D:1      | 511 ||| READING 2 scrolls labelled UPUEME FOEC.
   512 | D:1      | 512 ||| READING scroll labelled CAUM IHOCUMOISCH.
   515 | D:1      | 515 ||| READING scroll labelled ONNAEL DEPTUFANA.
   516 | D:1      | 516 ||| DRINKING 2 viscous black potions.
   516 | D:1      | Gained mutation: Your spells are a little easier to cast,
                  | but a little less powerful. [potion of mutation]
   517 | D:1      | 517 ||| DROPPING scroll of butterflies.
   561 | D:2      | 561 ||| FLEEEEING.
   562 | D:2      | 562 ||| FLEEEEING.
   563 | D:2      | 563 ||| FLEEEEING.
   581 | D:2      | Found a hide-covered altar of Uskayaw.
   756 | D:2      | Reached XP level 3. HP: 20/20 MP: 5/5
   879 | D:2      | Noticed Terence
   890 | D:2      | Killed Terence
   891 | D:2      | Reached skill level 7 in Ranged Weapons
   964 | D:2      | Reached XP level 4. HP: 16/25 MP: 6/6
  1105 | D:2      | Noticed Jessica
  1109 | D:2      | Killed Jessica
  1164 | D:2      | 1164 ||| READING scroll labelled KYEHUREHOX.
  1165 | D:2      | 1165 ||| READING scroll labelled SAGUXT ECA TAI.
  1166 | D:2      | 1166 ||| READING scroll labelled CUTEOLUEDIB.
  1167 | D:2      | 1167 ||| DRINKING 3 murky brown potions.
  1168 | D:2      | 1168 ||| DROPPING 2 potions of brilliance.
  1221 | D:3      | Reached skill level 8 in Ranged Weapons
  1224 | D:3      | 1224 ||| STAIRDANCE
  1245 | D:2      | HP: 6/25 [something/magic dart (2)]
  1249 | D:2      | 1249 ||| READING scroll of teleportation.
  1251 | D:2      | Reached XP level 5. HP: 8/29 MP: 7/7
  1489 | D:3      | 1489 ||| READING scroll of enchant armour.
  1489 | D:3      | 1489 ||| ENCHANTING +0 pair of gloves.
  1504 | D:3      | Reached skill level 9 in Ranged Weapons
  1529 | D:3      | Found a basalt altar of Yredelemnul.
  1579 | D:3      | Reached skill level 1 in Armour
  1593 | D:3      | Found a radiant altar of Vehumet.
  1688 | D:3      | Reached XP level 6. HP: 35/35 MP: 8/8
  2009 | D:3      | 2009 ||| UPGRADING to +2 helmet of intelligence.
  2014 | D:3      | 2014 ||| DROPPING scarf of invisibility.
  2015 | D:3      | 2015 ||| DRINKING 2 bubbling blue potions.
  2056 | D:4      | Noticed Blork the orc
  2062 | D:4      | Killed Blork the orc
  2133 | D:4      | 2133 ||| FLEEEEING.
  2134 | D:4      | 2134 ||| STAIRDANCE
  2170 | D:4      | Noticed Pikel
  2184 | D:4      | Killed Pikel
  2185 | D:4      | Reached skill level 12 in Ranged Weapons
  2185 | D:4      | Reached XP level 7. HP: 33/40 MP: 9/9
  2189 | D:4      | Reached skill level 3 in Dodging
  2226 | D:4      | 2226 ||| FLEEEEING.
  2227 | D:4      | 2227 ||| FLEEEEING.
  2228 | D:4      | 2228 ||| FLEEEEING.
  2229 | D:4      | 2229 ||| FLEEEEING.
  2230 | D:4      | 2230 ||| FLEEEEING.
  2231 | D:4      | 2231 ||| FLEEEEING.
  2232 | D:4      | 2232 ||| FLEEEEING.
  2233 | D:4      | 2233 ||| FLEEEEING.
  2234 | D:4      | 2234 ||| FLEEEEING.
  2235 | D:4      | 2235 ||| FLEEEEING.
  2236 | D:4      | 2236 ||| FLEEEEING.
  2237 | D:4      | 2237 ||| FLEEEEING.
  2238 | D:4      | 2238 ||| FLEEEEING.
  2239 | D:4      | 2239 ||| STAIRDANCE
  2341 | D:4      | Noticed Edmund
  2348 | D:4      | Killed Edmund
  2349 | D:4      | Reached skill level 3 in Fighting
  2349 | D:4      | Reached XP level 8. HP: 45/46 MP: 10/10
  2353 | D:4      | 2353 ||| FLEEEEING.
  2357 | D:4      | 2357 ||| FLEEEEING.
  2358 | D:4      | 2358 ||| FLEEEEING.
  2359 | D:4      | 2359 ||| FLEEEEING.
  2360 | D:4      | 2360 ||| FLEEEEING.
  2536 | D:4      | You fall into a shaft and drop 2 floors!
  2537 | D:6      | 2537 ||| UPGRADING to +3 leather armour of poison
                  | resistance.
  2547 | D:6      | 2547 ||| DRINKING 2 smoky clear potions.
  2548 | D:6      | 2548 ||| READING 2 scrolls of identify.
  2548 | D:6      | 2548 ||| IDENTIFYING metallic blue potion
  2549 | D:6      | 2549 ||| DROPPING potion of berserk rage.
  2557 | D:5      | Entered Level 5 of the Dungeon
  2572 | D:5      | Identified the +5 sling of Dawuts {heavy, Fly Int+3 Dex-4}
  2574 | D:5      | 2574 ||| SWAPPING to +5 sling of Dawuts {heavy, Fly Int+3
                  | Dex-4}.
  2893 | D:4      | 2893 ||| READING scroll labelled NEDORAN SINERR.
  3201 | D:5      | Noticed Menkaure
  3203 | D:5      | 3203 ||| FLEEEEING.
  3204 | D:5      | 3204 ||| FLEEEEING.
  3216 | D:5      | 3216 ||| FLEEEEING.
  3217 | D:5      | 3217 ||| FLEEEEING.
  3218 | D:5      | 3218 ||| FLEEEEING.
  3219 | D:5      | 3219 ||| STAIRDANCE
  3284 | D:4      | 3284 ||| UPGRADING to +0 pair of boots.
  3289 | D:4      | 3289 ||| READING scroll labelled KESHRE MOSTUSI.
  3296 | D:5      | Killed Menkaure
  3753 | D:5      | 3753 ||| UPGRADING to +5 ring of evasion.
  3775 | D:6      | Noticed Maggie
  3777 | D:6      | Noticed Duvessa
  3791 | D:6      | Killed Duvessa
  3793 | D:6      | 3793 ||| STAIRDANCE
  3863 | D:6      | Noticed Dowan
  3870 | D:6      | Noticed Sigmund
  3876 | D:6      | Killed from afar by Dowan

Levels and vault maps discovered:
D:1:      matt_arrival_los_fun, layout_basic
D:2:      layout_loops_cross, basic_altar, uniq_terence, uniq_jessica
D:3:      minmay_diamond_boxcup, layout_basic, nicolae_overflow_hidden_temple,
          mainiacjoe_overflow_chevrons
D:4:      minmay_recursive_quarters, layout_cave_pools, grunt_ministairs_13,
          minmay_misc_feat_x, uniq_pikel, uniq_blork_the_orc, uniq_edmund
D:5:      layout_basic, uniq_menkaure
D:6:      layout_cave_pools, mainiacjoe_overflow_cross_hatched, uniq_sigmund,
          uniq_maggie, uniq_duvessa

Skill      XL: |  1  2  3  4  5  6  7  8 |
---------------+-------------------------+-----
Ranged Weapons | 6 7 8 9 12 | 12.9
Fighting       | 2 3 |  3.5
Armour         | 1 |  1.0
Dodging        | 3 4 |  4.8
Stealth        | |  1.2

Action                     |  1- 3 |  4- 6 |  7- 9 || total
---------------------------+-------+-------+-------++-------
  Melee: Unarmed           |       |       |     2 ||     2
   Fire: Shortbow          |    70 |   156 |    57 ||   283
         Sling             |       |       |    53 ||    53
    Use: Scroll            |     3 |     5 |     3 ||    11
         Potion            |     1 |     2 |     1 ||     4
 Armour: Ring mail         |     8 |    80 |    16 ||   104
         Leather armour    |     2 |       |     6 ||     8
  Dodge: Dodged            |    26 |    59 |    52 ||   137

Table legend:
 A = Non-vault XP
 B = Vault XP
 C = Vault XP percentage of total XP
 D = Non-vault monster count
 E = Vault monster count
 F = Vault count percentage of total count
                 A         B        C        D         E       F
            +---------+---------+-------+---------+---------+-------
      Total |     609 |    1552 |  71.8 |      70 |      21 |  23.1
            +---------+---------+-------+---------+---------+-------
        D:1 |      26 |       0 |   0.0 |      15 |       0 |   0.0
        D:2 |      86 |      73 |  45.9 |      16 |       2 |  11.1
        D:3 |     225 |       8 |   3.4 |      26 |       5 |  16.1
        D:4 |      14 |    1145 |  98.8 |       7 |      12 |  63.2
        D:5 |     116 |     172 |  59.7 |       4 |       1 |  20.0
        D:6 |     142 |     154 |  52.0 |       2 |       1 |  33.3
            +---------+---------+-------+---------+---------+-------
